 Dungeon Crawl Stone Soup version 0.21-a0-55-gb612c23 (webtiles) character file.

6125 grindst0ne the Unseen (level 10, -10/63 HPs)
             Began as a Vampire Enchanter on June 15, 2017.
             Was a Follower of Ru.
             Mangled by a two-headed ogre
             ... wielding a +0 giant spiked club
              (31 damage)
             ... on level 8 of the Dungeon.
             The game lasted 00:31:23 (12676 turns).

grindst0ne the Unseen (Vampire Enchanter)          Turns: 12676, Time: 00:31:23

Health: -10/63     AC:  6    Str:  7    XL:     10   Next: 59%
Magic:  7/13       EV: 13    Int: 23    God:    Ru [*.....]
Gold:   457        SH:  0    Dex: 17    Spells: 8/13 levels left

rFire    . . .     SeeInvis +   y - +0 rapier
rCold    + + .     Gourm    .   (no shield)
rNeg     + + +     Faith    .   C - +2 robe {Archmagi}
rPois    ∞         Spirit   .   k - +0 helmet
rElec    .         Reflect  .   (no cloak)
rCorr    .         Harm     .   (no gloves)
MR       ++...                  d - +0 pair of boots
Stlth    +++++++++.             (no amulet)
HPRegen  0.00/turn              w - ring of protection from magic
MPRegen  0.13/turn              u - +4 ring of intelligence

@: bloodless, non-regenerating
A: fangs 3, see invisible, unbreathing, inability to train armour
a: Bat Form, Renounce Religion


You were on level 8 of the Dungeon.
You worshipped Ru.
Ru was aware of your devotion.
You were bloodless.

You visited 2 branches of the dungeon, and saw 9 of its levels.
You also visited: Sewer and Ossuary.

You collected 457 gold pieces.

Inventory:

Hand Weapons
 a - a +1 dagger
 h - a +0 dagger
 y - a +0 rapier (weapon)
Armour
 d - a +0 pair of boots (worn)
 k - a +0 helmet (worn)
 C - a +2 robe of the Archmagi (worn)
 E - +0 steam dragon scales
Jewellery
 t - an uncursed ring of resist corrosion
 u - a +4 ring of intelligence (right hand)
 w - a ring of protection from magic (left hand)
Wands
 b - a wand of clouds (3/9)
 B - a wand of confusion (12/48)
Scrolls
 e - 3 scrolls of noise {unknown}
 g - a scroll of blinking {unknown}
 l - 4 scrolls of enchant weapon {unknown}
 m - a scroll of fear {unknown}
 n - 5 scrolls of remove curse
 o - 4 scrolls of enchant armour {unknown}
 p - 2 scrolls of immolation {unknown}
 r - 3 scrolls of teleportation
 v - 3 scrolls of fog {unknown}
 z - 5 scrolls of identify
 D - 2 scrolls of vulnerability {unknown}
Potions
 f - 8 potions of curing
 i - 2 potions of mutation
 j - a potion of might {unknown}
 q - 27 potions of blood
 s - a potion of heal wounds {unknown}
 A - a potion of degeneration {unknown}
 F - a potion of brilliance {unknown}
Books
 c - a book of Maledictions

   Spells                             Type                      Level
   a - Corona                         Hexes                        1
   b - Ensorcelled Hibernation        Hexes/Ice                    2
   c - Confuse                        Hexes                        3
   d - Tukima's Dance                 Hexes                        3
   e - Dazzling Spray                 Conjuration/Hexes            3
 x - a book of Necromancy

   Spells                             Type                      Level
   a - Pain                           Necromancy                   1
   b - Animate Skeleton               Necromancy                   1
   c - Vampiric Draining              Necromancy                   3
   d - Regeneration                   Charms/Necromancy            3
   e - Animate Dead                   Necromancy                   4
   f - Control Undead                 Necromancy                   4


   Skills:
 - Level 1.1 Short Blades
 - Level 2.1 Dodging
 + Level 16.8 Stealth
 - Level 2.0 Spellcasting
 + Level 15.6 Hexes


You had 8 spell levels left.
You knew the following spells:

 Your Spells              Type           Power        Failure   Level  Hunger
a - Confuse               Hex            #######.     1%          3    ###....
b - Ensorcelled Hibernat  Hex/Ice        ######       1%          2    ##.....


Dungeon Overview and Level Annotations

Branches:
Dungeon (8/15)             Temple (1/1) D:6            Lair (0/6) D:8

Altars:
Ashenzari
Cheibriados
Dithmenos
Elyvilon
Fedhas
Gozag
Hepliaklqana
Kikubaaqudgha
Makhleb
Nemelex Xobeh
Okawaru
Qazlal
Ru
Sif Muna
Trog
Uskayaw
Vehumet
Wu Jian
Xom
Yredelemnul
Zin
The Shining One

Shops:
D:8 :


Innate Abilities, Weirdness & Mutations

You do not heal naturally.
You are immune to poison.
You have razor-sharp teeth.
You have supernaturally acute eyesight. (SInv)
You can survive without breathing.
You cannot train Armour skill.


Message History

Aim: a two-headed ogre, wielding two giant spiked clubs (chance to defeat MR: 55%)
You feel a surge of power!
The two-headed ogre resists with some effort.
Casting: Ensorcelled Hibernation
Confirm with . or Enter, or press ? or * to list all spells.
Aiming: Ensorcelled Hibernation
Press: ? - help, Shift-Dir - straight line, f/p - two-headed ogre
Aim: a two-headed ogre, wielding two giant spiked clubs (chance to defeat MR: 55%)
You feel a surge of power!
The two-headed ogre looks drowsy...
The helpless two-headed ogre fails to defend itself.
You bite the two-headed ogre, and draw its blood!
You feel slightly less thirsty.
You spit the two-headed ogre like a pig!!!
The two-headed ogre is severely wounded.
The two-headed ogre hits you with a giant spiked club!
The two-headed ogre hits you with a giant spiked club!!
You hit the two-headed ogre but do no damage.
The two-headed ogre is severely wounded.
The two-headed ogre hits you with a giant spiked club!!
You die...

.#######.###............h........
.# #.####.........>.......... .#
#....##.......)........... ## ###
#############...#.....(... ####.#
#...O......... .....###
#...#......... ##.....# ###
#..##......... #.##..####
##.#####...#.........
######...###...@O.....######....
####...#######...# ##### #####
#..## #.## ###


You could see a two-headed ogre.

Vanquished Creatures
  Pikel (D:7)
  Joseph (D:8)
  A komodo dragon (D:8)
  The ghost of Duffy the Poker, an amateur CeAK of Lugonu (D:3)
  2 hippogriffs (D:7)
  The ghost of Soeti the Skirmisher, an amateur NaBe of Trog (Sewer)
  A wyvern (D:8)
  2 basilisks (D:8)
  A hungry ghost (D:7)
  A steam dragon (D:8)
  An orc warrior (D:7)
  A black bear (D:8)
  4 ice beasts
  2 sky beasts
  3 slaves (D:7)
  6 ogres
  4 phantoms
  3 centaurs
  A crocodile (D:8)
  A big kobold (D:7)
  2 bullfrogs
  2 elf zombies (Ossuary)
  3 scorpions
  An electric eel (D:7)
  2 crimson imps (D:7)
  2 jellies
  6 hounds
  5 iguanas
  12 orc wizards
  A centaur skeleton (D:6)
  4 worker ants
  A big kobold zombie (Ossuary)
  A hound zombie (Ossuary)
  2 hound skeletons
  4 mummies (Ossuary)
  Robin (D:3)
  A gnoll (D:4)
  A river rat (D:5)
  11 adders
  3 oozes
  An adder zombie (Ossuary)
  3 adder skeletons
  2 worms (D:4)
  2 dart slugs
  5 leopard geckos
  24 orcs
  7 ball pythons
  7 giant cockroaches
  15 goblins
  7 hobgoblins
  23 jackals
  16 kobolds
  3 quokkas
  5 bats
  4 frilled lizards
  A giant cockroach zombie (D:6)
  A hobgoblin zombie (Ossuary)
  2 jackal zombies (Ossuary)
  2 kobold zombies (Ossuary)
  2 quokka skeletons
  A quokka zombie (D:4)
  2 rats
  2 rat zombies (Ossuary)
  A plant (Sewer)
241 creatures vanquished.

Notes
Turn   | Place    | Note
-------+----------+-------------------------------------------
     0 | D:1      | grindst0ne the Vampire Enchanter began the quest for the Orb.
     0 | D:1      | Reached XP level 1. HP: 13/13 MP: 3/3
   375 | D:1      | Reached XP level 2. HP: 18/19 MP: 5/5
   382 | D:1      | Learned a level 2 spell: Ensorcelled Hibernation
   386 | D:1      | Reached skill level 5 in Stealth
   458 | D:1      | Reached skill level 5 in Hexes
  1230 | D:2      | Reached XP level 3. HP: 24/24 MP: 3/6
  1235 | D:2      | Learned a level 3 spell: Confuse
  1261 | D:2      | Found a shadowy altar of Dithmenos.
  1854 | D:3      | Noticed Robin
  1898 | D:2      | Reached skill level 6 in Stealth
  2127 | D:3      | Killed Robin
  2127 | D:3      | Reached XP level 4. HP: 30/30 MP: 2/7
  2568 | D:3      | Noticed Duffy's ghost (amateur CeAK)
  2618 | D:3      | Killed Duffy's ghost
  2618 | D:3      | Reached skill level 8 in Stealth
  2618 | D:3      | Reached XP level 5. HP: 33/35 MP: 0/8
  2618 | D:3      | Reached XP level 6. HP: 38/41 MP: 0/9
  2937 | D:3      | Found a faded altar of an unknown god.
  3070 | D:4      | Found an iron altar of Okawaru.
  3179 | D:4      | Found an ancient bone altar of Kikubaaqudgha.
  3211 | D:4      | Reached skill level 9 in Stealth
  3307 | D:4      | Found a sand-covered staircase.
  3413 | Ossuary  | Entered an ossuary
  3866 | Ossuary  | Reached XP level 7. HP: 36/46 MP: 10/10
  5076 | D:4      | Found an ornate altar of the Wu Jian Council.
  5259 | D:4      | Reached skill level 10 in Stealth
  5721 | D:4      | Reached skill level 11 in Stealth
  5721 | D:4      | Reached skill level 10 in Hexes
  6051 | D:5      | Entered Level 5 of the Dungeon
  6197 | D:5      | Reached XP level 8. HP: 51/52 MP: 11/11
  6346 | D:5      | Found a glowing drain.
  6387 | Sewer    | Entered a sewer
  6844 | Sewer    | Noticed Soeti's ghost (amateur NaBe)
  6865 | Sewer    | Killed Soeti's ghost
  7476 | D:5      | Reached skill level 12 in Stealth
  8459 | D:6      | Reached skill level 13 in Stealth
  8467 | D:6      | Found a staircase to the Ecumenical Temple.
  8488 | Temple   | Entered the Ecumenical Temple
  8614 | Temple   | Became a worshipper of Ru the Awakened
  8926 | D:6      | Reached XP level 9. HP: 57/57 MP: 9/12
  9784 | D:7      | Reached skill level 14 in Stealth
 10210 | D:7      | Gained mutation: You cannot train Armour skill. [Ru sacrifice]
 10210 | D:7      | Reached * piety under Ru
 10682 | D:7      | Reached skill level 15 in Stealth
 10965 | D:8      | Reached XP level 10. HP: 63/63 MP: 13/13
 11053 | D:8      | HP: 2/63 [wyvern (20)]
 12027 | D:8      | Noticed Pikel
 12139 | D:7      | Killed Pikel
 12139 | D:7      | Reached skill level 16 in Stealth
 12225 | D:8      | Noticed Joseph
 12230 | D:8      | Found Qoom's Book Boutique.
 12236 | D:8      | Killed Joseph
 12236 | D:8      | Reached skill level 15 in Hexes
 12509 | D:8      | Found a staircase to the Lair.
 12661 | D:8      | Noticed a two-headed ogre
 12676 | D:8      | Mangled by a two-headed ogre

Vault maps used:
D:1:      dpeg_arrival_round_c
D:2:      dk_noncrumbling_4, serial_bayou_lagoon_a,
          grunt_dithmenos_smoke_and_mirrors
D:3:      chequers_ecumenical_altar_twisty, uniq_robin
D:4:      kb_forest_paths, grunt_temple_overflow_open, enter_ossuary_5,
          okawaru_trees_1
D:5:      gup_sewer_entry_spiral, first_bread, minmay_misc_feat_x,
          kennysheep_nub
D:6:      minmay_temple_entry_glass
D:7:      kennysheep_diamond
D:8:      erik_lair_dragon, serial_shops, nicolae_shop_stone, uniq_joseph,
          uniq_pikel
Temple:   regret_index_temple_chain_breaker
Sewer:    sewer_co_scattered_pipes
Ossuary:  ossuary_minmay_tomb_2a

Skill      XL: |  1  2  3  4  5  6  7  8  9 10 |
---------------+-------------------------------+-----
Stealth        | 5 6 8 9 11 13 15 16 | 16.8
Hexes          | 5 7 8 10 12 14 15 | 15.6
Short Blades   | |  1.1
Dodging        | |  2.1
Spellcasting   | |  2.0

Action                   |  1- 3 |  4- 6 |  7- 9 | 10-12 || total
-------------------------+-------+-------+-------+-------++-------
Melee: Dagger            |    74 |   167 |   438 |       ||   679
       Bite              |     6 |    20 |    55 |     4 ||    85
       Rapier            |       |       |   155 |    36 ||   191
 Cast: Ensorcelled Hiber |    21 |    11 |   131 |    26 ||   189
       Confuse           |       |     8 |    18 |     2 ||    28
Invok: Sacrifice Durabil |       |       |     1 |       ||     1
 Abil: End Transformatio |       |       |     2 |     1 ||     3
       Bat Form          |       |       |     2 |     1 ||     3
  Use: Potion            |     1 |     6 |     4 |     2 ||    13
       Scroll            |       |     7 |     2 |       ||     9
 Stab: Sleeping          |    23 |    15 |   125 |    21 ||   184
       Confused          |       |     6 |    12 |     4 ||    22
Armor: Robe              |    17 |    20 |    70 |     5 ||   112
Dodge: Dodged            |    50 |    69 |   153 |    11 ||   283
